[Event "December 5 Late 2023"]
[Site "https://www.chess.com"]
[Date "2023.12.05"]
[Round "8"]
[White "Fernandez Bustamante, Leancy B."]
[Black "Gumugama"]
[Result "1-0"]
[Board "108"]
[TimeControl "180+1"]
[WhiteFideId "3523870"]
[WhiteElo "2392"]
[BlackElo "2202"]
[WhiteTeam "CUB"]
[WhiteClock "0:00:13"]
[BlackClock "0:00:02"]

1. e4 c5 2. Nf3 d6 3. c3 Nf6 4. h3 g6 5. Bd3 Bg7 6. Bc2 O-O 7. O-O Nc6 8. d4 cxd4 9. cxd4 Nb4 10. Bb3 a5 11. a3 Nc6 12. Re1 e5 13. Nc3 Nh5 14. Bg5 Bf6 15. Bh6 Re8 16. Nd5 Nxd4 17. Nxd4 exd4 18. Ba4 Re6 19. Bb3 b5 20. Nxf6+ Qxf6 21. Bxe6 Bxe6 22. Qd2 Rc8 23. Bg5 Qe5 24. f4 Qc5 25. Rac1 Qb6 26. Rxc8+ Bxc8 27. Rc1 Bb7 28. Qd3 Ng7 29. Bf6 Ne6 30. g3 h6 31. h4 Kh7 32. f5 Nc5 33. Qxd4 Bxe4 34. Kh2 Qb8 35. Rxc5 dxc5 36. Qxe4 Qd6 37. Bc3 b4 38. axb4 axb4 39. fxg6+ fxg6 40. Be1 Kg7 41. Qe2 Kf6 42. Bd2 g5 43. Qf3+ Kg6 44. h5+ Kg7 45. Be3 c4 46. Qe4 c3 47. bxc3 bxc3 48. Bd4+ Kf7 49. Bxc3 1-0

[Event "December 5 Late 2023"]
[Site "https://www.chess.com"]
[Date "2023.12.05"]
[Round "8"]
[White "Lymar, Vladislav"]
[Black "Gerbelli Neto, Eduardo"]
[Result "0-1"]
[Board "109"]
[TimeControl "180+1"]
[WhiteFideId "14162180"]
[BlackFideId "2103281"]
[WhiteElo "2569"]
[BlackElo "2331"]
[WhiteTeam "UKR"]
[BlackTeam "BRA"]
[WhiteClock "0:00:01"]
[BlackClock "0:00:21"]

1. e4 e5 2. Nf3 Nc6 3. Nc3 Nf6 4. Nxe5 Nxe5 5. d4 Ng6 6. e5 Ng8 7. Bc4 d5 8. Bxd5 c6 9. Be4 Bb4 10. h4 Be6 11. h5 N6e7 12. h6 g6 13. Bg5 Qa5 14. Qd3 Nd5 15. O-O Bxc3 16. bxc3 Qxc3 17. Qd1 Nge7 18. Rb1 b6 19. Rb3 Qc4 20. Re1 Nc3 21. Qf3 Nxe4 22. Rxe4 Nd5 23. Bf6 Rg8 24. c3 Bf5 25. Re1 Kd7 26. g4 Be6 27. Qg3 a5 28. f4 a4 29. Ra3 b5 30. Rd1 b4 31. cxb4 Nxb4 32. Kh2 Qc2+ 33. Rd2 Qxd2+ 34. Kh3 Bd5 35. Rc3 Rab8 36. a3 Nc2 37. Rc5 Ne3 38. Kh4 Rb3 39. Kg5 Nf1 40. Qg1 Ne3 41. Bg7 Be6 42. Bf6 Nd5 43. Bg7 Qxf4+ 44. Kh4 Rb2 45. Kh3 Qf3+ 46. Kh4 Rf2 47. Ra5 g5+ 48. Kxg5 Qf4+ 49. Kh4 Rh2+ 50. Qxh2 Qxh2+ 51. Kg5 Qd2+ 52. Kh5 Qxa5 0-1

[Event "December 5 Late 2023"]
[Site "https://www.chess.com"]
[Date "2023.12.05"]
[Round "8"]
[White "Hajiyev, Kanan"]
[Black "Travadon, Loic"]
[Result "1-0"]
[Board "110"]
[TimeControl "180+1"]
[WhiteFideId "13404148"]
[BlackFideId "26092131"]
[WhiteElo "2508"]
[BlackElo "2162"]
[WhiteTeam "AZE"]
[BlackTeam "FRA"]
[WhiteClock "0:02:23"]
[BlackClock "0:01:52"]

1. d4 d5 2. Nf3 Nf6 3. c4 c6 4. cxd5 cxd5 5. Nc3 Nc6 6. Bg5 e6 7. e3 Bb4 8. Bd3 h6 9. Bh4 O-O 10. O-O a6 11. Ne5 Be7 12. f4 Qd6 13. Qf3 b5 14. g4 Bb7 15. g5 Nd7 16. gxh6 Bxh4 17. Qh5 f5 18. h7+ Kh8 19. Ng6# 1-0

[Event "December 5 Late 2023"]
[Site "https://www.chess.com"]
[Date "2023.12.05"]
[Round "8"]
[White "Pein, Jonathan"]
[Black "Floresvillar Gonzalez, Luis Migu"]
[Result "1-0"]
[Board "111"]
[TimeControl "180+1"]
[WhiteFideId "417092"]
[BlackFideId "5100542"]
[WhiteElo "2372"]
[BlackElo "2210"]
[WhiteTeam "ENG"]
[BlackTeam "MEX"]
[WhiteClock "0:00:08"]
[BlackClock "0:00:00"]

1. c4 c6 2. Nf3 d5 3. e3 Bf5 4. b3 e6 5. Nc3 Nf6 6. Bb2 Be7 7. Nh4 Be4 8. d3 Bg6 9. Nxg6 hxg6 10. g3 Nbd7 11. Bg2 Qc7 12. Rc1 a5 13. cxd5 exd5 14. Nxd5 Nxd5 15. Bxd5 Bf6 16. Bxf6 gxf6 17. O-O a4 18. d4 Ra5 19. Bf3 axb3 20. Qxb3 Rf5 21. Be2 Nf8 22. d5 Nh7 23. dxc6 bxc6 24. e4 Re5 25. Bb5 O-O 26. Bxc6 Rb8 27. Qc3 Rc8 28. Qe3 Qd6 29. Bd5 Rxc1 30. Rxc1 Kg7 31. h4 g5 32. Rc6 Qd7 33. hxg5 Nxg5 34. f4 Qxd5 35. exd5 Rxe3 36. fxg5 Rxg3+ 37. Kf2 Ra3 38. gxf6+ Kg6 39. Ke2 Rxa2+ 40. Kd3 Ra4 41. Kc3 1-0

[Event "December 5 Late 2023"]
[Site "https://www.chess.com"]
[Date "2023.12.05"]
[Round "8"]
[White "Jing, Andrew"]
[Black "Melikhov, Evgeny V."]
[Result "1/2-1/2"]
[Board "112"]
[TimeControl "180+1"]
[WhiteFideId "30984076"]
[BlackFideId "4122046"]
[WhiteElo "2208"]
[BlackElo "2365"]
[WhiteTeam "USA"]
[BlackTeam "GRE"]
[WhiteClock "0:01:00"]
[BlackClock "0:00:29"]

1. d4 Nf6 2. c4 e6 3. Nf3 d5 4. g3 dxc4 5. Bg2 Nc6 6. Nbd2 Na5 7. O-O Be7 8. Qc2 O-O 9. Nxc4 Nxc4 10. Qxc4 c6 11. Rd1 Qd5 12. Ne5 Qxc4 13. Nxc4 Rd8 14. Bf4 Bd7 15. Nd6 Bxd6 16. Bxd6 Be8 17. Be5 Nd5 18. e4 Nb6 19. b3 f6 20. Bf4 Bf7 21. Rab1 Re8 22. a4 e5 23. dxe5 fxe5 24. Be3 Rad8 25. Bf3 Nc8 26. Rxd8 Rxd8 27. Rd1 Rxd1+ 28. Bxd1 b6 29. f3 c5 30. Kf2 Ne7 31. Ke2 Nc6 32. Kd3 Nd4 33. Bxd4 exd4 34. Kc2 Kf8 35. f4 Ke7 36. e5 Bd5 37. Bg4 h6 38. h4 Be4+ 39. Kd2 Bd5 40. Kc2 Be4+ 41. Kd2 Bd5 42. Kc2 1/2-1/2

[Event "December 5 Late 2023"]
[Site "https://www.chess.com"]
[Date "2023.12.05"]
[Round "8"]
[White "Figorito, Nick"]
[Black "Einarsson, Halldor Gretar"]
[Result "1-0"]
[Board "113"]
[TimeControl "180+1"]
[WhiteFideId "30923689"]
[BlackFideId "2300150"]
[WhiteElo "2364"]
[BlackElo "2210"]
[WhiteTeam "USA"]
[BlackTeam "ISL"]
[WhiteClock "0:00:13"]
[BlackClock "0:00:00"]

1. Nf3 Nf6 2. g3 g6 3. Bg2 Bg7 4. O-O O-O 5. c4 c5 6. d4 cxd4 7. Nxd4 Nc6 8. Nc2 d6 9. Nc3 Be6 10. b3 d5 11. cxd5 Nxd5 12. Nxd5 Bxa1 13. Nxa1 Qa5 14. Qd2 Qc5 15. Bb2 Rfd8 16. Qh6 f6 17. Rc1 Qd6 18. Nf4 Bf7 19. Nd3 Rac8 20. Nc2 Qe6 21. Bh3 Qxe2 22. Bxc8 Rxd3 23. Bxb7 Ne5 24. Bxe5 Qxe5 25. Ne3 Qb2 26. Rc8+ 1-0

[Event "December 5 Late 2023"]
[Site "https://www.chess.com"]
[Date "2023.12.05"]
[Round "8"]
[White "Mesa Cruz, Juan Carlos"]
[Black "Vila Dupla, Aurelio"]
[Result "1-0"]
[Board "114"]
[TimeControl "180+1"]
[WhiteFideId "6423400"]
[BlackFideId "2203383"]
[WhiteElo "2364"]
[BlackElo "2207"]
[WhiteTeam "DOM"]
[BlackTeam "ESP"]
[WhiteClock "0:00:04"]
[BlackClock "0:00:00"]

1. e4 c5 2. Nf3 d6 3. d4 cxd4 4. Nxd4 Nf6 5. Nc3 g6 6. Be3 Bg7 7. f3 O-O 8. Qd2 Nc6 9. g4 Be6 10. h4 d5 11. g5 Nh5 12. Nxe6 fxe6 13. exd5 exd5 14. Nxd5 Ng3 15. Rg1 Nxf1 16. Rxf1 Bxb2 17. Rb1 Be5 18. f4 e6 19. fxe5 Rxf1+ 20. Kxf1 exd5 21. Rxb7 d4 22. Bf2 Qd5 23. Qd3 Rf8 24. Qb3 Qxb3 25. axb3 Nxe5 26. Ke2 d3+ 27. cxd3 Nxd3 28. Bd4 Nf4+ 29. Kd2 Ne6 30. Bc3 Rd8+ 31. Kc2 Rc8 32. Rxa7 Nd4+ 33. Kb2 Ne2 34. Rg7+ Kf8 35. Be5 Rc6 36. Rxh7 Re6 37. Bf6 1-0

[Event "December 5 Late 2023"]
[Site "https://www.chess.com"]
[Date "2023.12.05"]
[Round "8"]
[White "Su, Dion"]
[Black "Keller, Peter"]
[Result "1-0"]
[Board "115"]
[TimeControl "180+1"]
[WhiteFideId "2029731"]
[BlackFideId "1272105"]
[WhiteElo "2361"]
[BlackElo "2185"]
[WhiteTeam "USA"]
[BlackTeam "GER"]
[WhiteClock "0:00:26"]
[BlackClock "0:00:24"]

1. e4 c5 2. Nf3 e6 3. d4 cxd4 4. Nxd4 Nc6 5. Nc3 Qc7 6. Ndb5 Qb8 7. g3 a6 8. Nd4 Qc7 9. Bg2 d6 10. O-O Bd7 11. Be3 Nf6 12. a4 h5 13. h3 Be7 14. f4 Na5 15. e5 dxe5 16. fxe5 Qxe5 17. Bf4 Qc5 18. Kh1 e5 19. Be3 exd4 20. Bxd4 Qc7 21. Bxf6 Bxf6 22. Nd5 Qxg3 23. Qe2+ Be6 24. Nxf6+ gxf6 25. Rxf6 O-O-O 26. b4 Nc6 27. b5 Nd4 28. Qf1 a5 29. c3 Nc2 30. Qg1 Rd2 31. Bxb7+ Kxb7 32. Qxg3 Nxa1 33. Rxe6 fxe6 34. Qg7+ Kb6 35. Qxh8 1-0

[Event "December 5 Late 2023"]
[Site "https://www.chess.com"]
[Date "2023.12.05"]
[Round "8"]
[White "Duncan, Chris R"]
[Black "Nery Junior, Jose Antonio"]
[Result "0-1"]
[Board "116"]
[TimeControl "180+1"]
[WhiteFideId "403091"]
[BlackFideId "2104822"]
[WhiteElo "2205"]
[BlackElo "2339"]
[WhiteTeam "ENG"]
[BlackTeam "BRA"]
[WhiteClock "0:00:00"]
[BlackClock "0:00:58"]

1. e4 c5 2. Nf3 d6 3. d4 cxd4 4. Nxd4 Nf6 5. Nc3 a6 6. Bg5 e6 7. f4 Nbd7 8. Qf3 Qc7 9. O-O-O b5 10. Kb1 Bb7 11. Bd3 b4 12. Na4 Rc8 13. Rhe1 Be7 14. g4 Nc5 15. b3 Nxa4 16. bxa4 d5 17. Bxf6 gxf6 18. exd5 Bxd5 19. Be4 Bxe4 20. Qxe4 O-O 21. Nxe6 fxe6 22. Qxe6+ Rf7 23. Re2 Bf8 24. g5 fxg5 25. fxg5 Rd8 0-1

[Event "December 5 Late 2023"]
[Site "https://www.chess.com"]
[Date "2023.12.05"]
[Round "8"]
[White "Rose, Felix"]
[Black "Petersson, Kjell"]
[Result "1-0"]
[Board "117"]
[TimeControl "180+1"]
[WhiteFideId "5105722"]
[BlackFideId "1705148"]
[WhiteElo "2305"]
[BlackElo "2171"]
[WhiteTeam "MEX"]
[BlackTeam "SWE"]
[WhiteClock "0:00:37"]
[BlackClock "0:00:04"]

1. e4 c5 2. Nf3 d6 3. d4 cxd4 4. Nxd4 Nf6 5. Nc3 g6 6. Be3 Bg7 7. f3 O-O 8. Qd2 Nc6 9. O-O-O d5 10. Qe1 e5 11. Nxc6 bxc6 12. exd5 Nxd5 13. Ne4 Qc7 14. Bc5 Rd8 15. g4 Rb8 16. g5 Bf5 17. Bc4 a5 18. a4 Qb7 19. b3 Nf4 20. Qxa5 Nd5 21. h4 h5 22. Rd3 Ra8 23. Qd2 Rdb8 24. a5 Nf4 25. Rd6 Qc7 26. Rd1 Rxa5 27. Rd8+ Kh7 28. Rxb8 Qxb8 29. Qxa5 Bxe4 30. fxe4 Qc8 31. Qd8 Qg4 32. Bxf7 Ne2+ 33. Kb2 1-0

[Event "December 5 Late 2023"]
[Site "https://www.chess.com"]
[Date "2023.12.05"]
[Round "8"]
[White "Estevez Polanco, Leonardo Rafael"]
[Black "Weisz, Bryan"]
[Result "0-1"]
[Board "118"]
[TimeControl "180+1"]
[WhiteFideId "6402798"]
[BlackFideId "30934133"]
[WhiteElo "2155"]
[BlackElo "2289"]
[WhiteTeam "DOM"]
[BlackTeam "USA"]
[WhiteClock "0:00:40"]
[BlackClock "0:01:06"]

1. e4 c5 2. Nf3 d6 3. d4 cxd4 4. c3 Nf6 5. Bd3 dxc3 6. Nxc3 Nc6 7. O-O g6 8. Qe2 Bg7 9. Rd1 Bg4 10. h3 Nd4 11. Bb5+ Nxb5 12. Nxb5 Bd7 13. e5 dxe5 14. Nxe5 O-O 15. Bg5 Bxb5 16. Qxb5 Qb6 17. Qxb6 axb6 18. Bxf6 Bxf6 19. Nd7 Rfc8 20. Nxf6+ exf6 21. a3 Rc2 22. Rab1 Re8 23. Rdc1 Ree2 24. Rxc2 Rxc2 25. Kf1 Kf8 26. g3 Ke7 27. Re1+ Kd6 28. Re2 Rxe2 29. Kxe2 Kc5 30. Kd3 b5 31. b3 b4 32. a4 b6 33. Ke4 h6 34. h4 h5 35. f3 g5 36. Kf5 gxh4 37. gxh4 Kd4 38. Kxf6 Kc3 39. Kxf7 Kxb3 40. Ke7 Kxa4 41. f4 b3 42. f5 b2 43. f6 b1=Q 44. f7 b5 45. f8=Q Qb4+ 46. Kf7 Qxf8+ 47. Kxf8 b4 48. Kg7 b3 49. Kg6 b2 50. Kxh5 b1=Q 51. Kg5 Qh7 0-1

[Event "December 5 Late 2023"]
[Site "https://www.chess.com"]
[Date "2023.12.05"]
[Round "8"]
[White "Shapiro, Daniel"]
[Black "Joubert, Dantelle"]
[Result "1-0"]
[Board "119"]
[TimeControl "180+1"]
[WhiteFideId "2001780"]
[BlackFideId "14310813"]
[WhiteElo "2289"]
[BlackElo "2151"]
[WhiteTeam "USA"]
[BlackTeam "RSA"]
[WhiteClock "0:00:32"]
[BlackClock "0:00:12"]

1. d4 d5 2. c4 c6 3. Nf3 Nf6 4. Qb3 Qb6 5. Nc3 e6 6. g3 Be7 7. Bg2 O-O 8. O-O Nbd7 9. Rd1 Re8 10. Qc2 dxc4 11. e4 Qd8 12. a4 Bb4 13. Bf4 Bxc3 14. bxc3 b5 15. Bd6 Bb7 16. Ne5 Nxe5 17. dxe5 Nd7 18. a5 a6 19. Qd2 Qc8 20. Qg5 Nf8 21. h4 h6 22. Qe3 Ng6 23. h5 Nf8 24. f4 Rd8 25. g4 Rd7 26. g5 hxg5 27. fxg5 Qd8 28. Rf1 Nh7 29. g6 fxg6 30. hxg6 Ng5 31. Rf8+ Qxf8 32. Bxf8 Rxf8 33. Qxg5 c5 34. Bh3 Re8 35. Qh5 Kf8 36. Rf1+ Ke7 37. Qg5# 1-0

[Event "December 5 Late 2023"]
[Site "https://www.chess.com"]
[Date "2023.12.05"]
[Round "8"]
[White "Kujawski, Adam"]
[Black "Jesusesmifuerza"]
[Result "0-1"]
[Board "120"]
[TimeControl "180+1"]
[WhiteFideId "1100920"]
[WhiteElo "2286"]
[BlackElo "2132"]
[WhiteTeam "POL"]
[WhiteClock "0:00:01"]
[BlackClock "0:00:11"]

1. d4 d5 2. Bf4 Nf6 3. e3 e6 4. Nd2 Bd6 5. Bxd6 cxd6 6. Ngf3 O-O 7. Be2 Re8 8. c4 e5 9. cxd5 Nxd5 10. Qb3 Nb6 11. d5 N8d7 12. e4 Nc5 13. Qe3 f5 14. exf5 Bxf5 15. O-O Qf6 16. Bc4 Rac8 17. b4 Nxc4 18. Nxc4 Ne4 19. Rfc1 h6 20. Qxa7 Bg4 21. Qe3 Bxf3 22. Qxf3 Qg6 23. Ne3 Rxc1+ 24. Rxc1 Rf8 25. Qh3 Rxf2 26. Qe6+ Qf7 27. Rc8+ Kh7 28. Qxf7 Rxf7 29. Nc4 b5 30. Na5 Nd2 31. h3 Ne4 32. Rd8 h5 33. Nb3 h4 34. Rc8 Ng3 35. Rc1 Ne2+ 36. Kh2 Nxc1 37. Na5 0-1

[Event "December 5 Late 2023"]
[Site "https://www.chess.com"]
[Date "2023.12.05"]
[Round "8"]
[White "Ghosh, Chanchal Kumer"]
[Black "Clarke, Matthew"]
[Result "1-0"]
[Board "121"]
[TimeControl "180+1"]
[WhiteFideId "10201858"]
[BlackFideId "3227804"]
[WhiteElo "2100"]
[BlackElo "2246"]
[WhiteTeam "BAN"]
[BlackTeam "AUS"]
[WhiteClock "0:00:32"]
[BlackClock "0:00:12"]

1. e4 e5 2. Nf3 Nc6 3. Bc4 Bc5 4. c3 Nf6 5. d4 exd4 6. cxd4 Bb4+ 7. Nc3 Nxe4 8. O-O Bxc3 9. d5 Bf6 10. Re1 O-O 11. Rxe4 Na5 12. Bd3 b6 13. Rb1 Nb7 14. b4 a5 15. b5 Nc5 16. Rg4 d6 17. Rg3 Nxd3 18. Qxd3 Re8 19. Bg5 Bxg5 20. Nxg5 g6 21. h4 Qf6 22. Rc1 Bf5 23. Qf3 Re7 24. h5 Rae8 25. h6 Re1+ 26. Rxe1 Rxe1+ 27. Kh2 Qa1 28. Rh3 Bxh3 29. Qxf7+ 1-0

[Event "December 5 Late 2023"]
[Site "https://www.chess.com"]
[Date "2023.12.05"]
[Round "8"]
[White "De Souza, Cristiano Gomes"]
[Black "Oliveira, Tiago Batista"]
[Result "1-0"]
[Board "122"]
[TimeControl "180+1"]
[WhiteFideId "2151758"]
[BlackFideId "2108291"]
[WhiteElo "2228"]
[BlackElo "2098"]
[WhiteTeam "BRA"]
[BlackTeam "BRA"]
[WhiteClock "0:00:16"]
[BlackClock "0:00:02"]

1. d4 Nf6 2. c4 g6 3. Nf3 Bg7 4. Nc3 d5 5. Bf4 O-O 6. e3 c5 7. dxc5 Qa5 8. Rc1 Ne4 9. cxd5 Nxc3 10. bxc3 Bxc3+ 11. Nd2 Rd8 12. e4 Qxc5 13. Qc2 Bxd2+ 14. Qxd2 Qa3 15. Be5 Nc6 16. Ba1 Qb4 17. Qxb4 Nxb4 18. a3 Na6 19. Be2 b6 20. O-O Nc5 21. f3 Ba6 22. Bxa6 Nxa6 23. Be5 Rac8 24. Kf2 f6 25. Bd4 Nc5 26. Bxc5 Rxc5 27. Rxc5 bxc5 28. Rc1 Rb8 29. Rxc5 Rb2+ 30. Kg3 h5 31. Ra5 Rb7 32. Kf4 Kf7 33. g3 Ke8 34. h4 Kd7 35. g4 hxg4 36. fxg4 Kc7 37. h5 Kb6 38. Ra4 a5 39. Rc4 gxh5 40. gxh5 Rb8 41. Rc1 Rh8 42. Kg4 Kb5 43. Rb1+ Ka4 44. Rb7 Kxa3 45. Rxe7 a4 46. Ra7 Kb3 47. Kf5 a3 48. Kxf6 Rxh5 49. e5 Rh1 50. Rxa3+ Kxa3 51. e6 Rf1+ 52. Ke7 Kb4 53. d6 Kc5 54. d7 Rd1 55. d8=Q 1-0

[Event "December 5 Late 2023"]
[Site "https://www.chess.com"]
[Date "2023.12.05"]
[Round "8"]
[White "Cornelison, Paul"]
[Black "Clawitter, Craig"]
[Result "0-1"]
[Board "123"]
[TimeControl "180+1"]
[WhiteFideId "2004186"]
[BlackFideId "2023105"]
[WhiteElo "1930"]
[BlackElo "2222"]
[WhiteTeam "USA"]
[BlackTeam "USA"]
[WhiteClock "0:00:00"]
[BlackClock "0:00:53"]

1. e4 e6 2. d4 d5 3. Nc3 Bb4 4. e5 c5 5. Qg4 Ne7 6. Bd2 O-O 7. Nf3 Nbc6 8. Bd3 cxd4 9. Bxh7+ Kxh7 10. Ng5+ Kg8 11. Qh5 Re8 12. Qxf7+ Kh8 13. Qh5+ Kg8 14. Qh7+ Kf8 15. Qh8+ Ng8 16. Qh5 Qd7 17. Nh7+ Ke7 18. Bg5+ Nf6 19. exf6+ gxf6 20. Nxf6 dxc3 21. Nxe8+ Kf8 22. Qh8+ Kf7 0-1

[Event "December 5 Late 2023"]
[Site "https://www.chess.com"]
[Date "2023.12.05"]
[Round "8"]
[White "Biliy, Vadim"]
[Black "Panuganti, Kireet"]
[Result "1/2-1/2"]
[Board "124"]
[TimeControl "180+1"]
[WhiteFideId "14114127"]
[BlackFideId "30903297"]
[WhiteElo "2291"]
[BlackElo "2036"]
[WhiteTeam "UKR"]
[BlackTeam "USA"]
[WhiteClock "0:00:35"]
[BlackClock "0:01:44"]

1. d4 Nf6 2. Nf3 e6 3. e3 Be7 4. Be2 b6 5. O-O Bb7 6. c4 c5 7. Nc3 O-O 8. b3 cxd4 9. Nxd4 a6 10. Bb2 d6 11. Rc1 Nbd7 12. g4 Ne4 13. f3 Nxc3 14. Bxc3 Re8 15. f4 Bf8 16. g5 e5 17. Nf5 exf4 18. exf4 Nc5 19. Qd4 Ne6 20. Nh6+ Kh8 21. Nxf7+ Kg8 22. Nh6+ Kh8 23. Nf7+ Kg8 24. Nh6+ Kh8 25. Nf7+ 1/2-1/2

[Event "December 5 Late 2023"]
[Site "https://www.chess.com"]
[Date "2023.12.05"]
[Round "8"]
[White "Martine, Jean-Christophe"]
[Black "Desideri, Ricardo Maruchi"]
[Result "1-0"]
[Board "126"]
[TimeControl "180+1"]
[WhiteFideId "603651"]
[BlackFideId "2110440"]
[WhiteElo "2169"]
[BlackElo "2020"]
[WhiteTeam "FRA"]
[BlackTeam "BRA"]
[WhiteClock "0:01:10"]
[BlackClock "0:00:00"]

1. d4 Nf6 2. Nd2 g6 3. e4 c5 4. c3 cxd4 5. cxd4 Bg7 6. Ngf3 d6 7. Bd3 O-O 8. O-O a6 9. Re1 Nc6 10. h3 e5 11. dxe5 dxe5 12. Nb3 Be6 13. Nc5 Bc8 14. Bg5 b6 15. Nb3 Be6 16. Qc2 Rc8 17. Bxa6 Nb4 18. Qe2 Ra8 19. Bc4 Bxc4 20. Qxc4 Qe7 21. a3 Na6 22. Rac1 Rfc8 23. Qd3 Nc5 24. Nxc5 bxc5 25. Qc4 h6 26. Be3 Nd7 27. Red1 Kh7 28. Qd5 Nb6 29. Qb3 Rab8 30. Qc2 c4 31. Bxb6 Rxb6 32. b4 Ra6 33. Qc3 f5 34. Nd2 f4 35. Ra1 g5 36. b5 1-0

[Event "December 5 Late 2023"]
[Site "https://www.chess.com"]
[Date "2023.12.05"]
[Round "8"]
[White "Lohani, Sujana"]
[Black "Novikova, Margarita"]
[Result "0-1"]
[Board "127"]
[TimeControl "180+1"]
[WhiteFideId "12311987"]
[BlackFideId "14109689"]
[WhiteElo "2012"]
[BlackElo "2118"]
[WhiteTeam "NEP"]
[BlackTeam "GER"]
[WhiteClock "0:00:00"]
[BlackClock "0:00:08"]

1. d4 e5 2. dxe5 Nc6 3. Nf3 Qe7 4. Bg5 Qb4+ 5. Bd2 Qxb2 6. Nc3 Nb4 7. Nd4 Bc5 8. Rb1 Qa3 9. Rb3 Qa6 10. e4 Qg6 11. Ndb5 Na6 12. Qf3 Ne7 13. Nd5 Bb6 14. Nxb6 axb6 15. Bd3 O-O 16. O-O d6 17. exd6 cxd6 18. e5 Qg4 19. Qxg4 Bxg4 20. Nxd6 Nd5 21. Be4 Be6 22. Bxd5 Bxd5 23. Rxb6 Nc5 24. Bb4 Ne6 25. Nxb7 Rfc8 26. Nd6 Rxc2 27. a3 Nf4 28. Nf5 Bxg2 29. Ne7+ Kh8 30. Rb1 h5 31. Bd6 Be4 32. Rb8+ Rxb8 33. Rxb8+ Kh7 34. Rb1 Nh3+ 35. Kf1 Rxf2+ 36. Ke1 Rxh2 37. Rb4 Bf3 38. Rb3 Bg4 39. e6 Re2+ 40. Kf1 Rxe6 41. Bb4 Ng5 42. Rg3 Rf6+ 43. Kg2 Ne4 44. Re3 Rf2+ 45. Kg1 f5 0-1

[Event "December 5 Late 2023"]
[Site "https://www.chess.com"]
[Date "2023.12.05"]
[Round "8"]
[White "Yushko, Olga"]
[Black "Winkels, Marcel"]
[Result "0-1"]
[Board "128"]
[TimeControl "180+1"]
[WhiteFideId "14114500"]
[BlackFideId "1003887"]
[WhiteElo "2109"]
[BlackElo "2001"]
[WhiteTeam "UKR"]
[BlackTeam "NED"]
[WhiteClock "0:00:11"]
[BlackClock "0:00:14"]

1. d4 Nf6 2. c4 g6 3. Nc3 d5 4. Nf3 Bg7 5. e3 O-O 6. Be2 b6 7. O-O Bb7 8. Qc2 Nbd7 9. b4 a5 10. b5 Rc8 11. cxd5 Nxd5 12. Nxd5 Bxd5 13. a4 c5 14. bxc6 Bxc6 15. Qb3 Nf6 16. Ba3 Bd5 17. Qb5 Bc6 18. Qb3 Bd5 19. Qb2 Ne4 20. Rfc1 Rxc1+ 21. Rxc1 Qd7 22. Qxb6 Qxa4 23. Bxe7 Re8 24. Bb5 Qb3 25. Bc5 Ra8 26. Ra1 Qb2 27. Rxa5 Qxf2+ 28. Kh1 Rc8 29. Ra1 Qxe3 30. Bd7 Nf2+ 31. Kg1 Nh3+ 32. Kh1 Nf2+ 33. Kg1 Nh3+ 34. Kh1 Qg1+ 35. Nxg1 Nf2# 0-1

[Event "December 5 Late 2023"]
[Site "https://www.chess.com"]
[Date "2023.12.05"]
[Round "8"]
[White "Negron Lizarazo, Juan Sebastian"]
[Black "Boggiano Pereira, Miguel A."]
[Result "1-0"]
[Board "129"]
[TimeControl "180+1"]
[WhiteFideId "3936910"]
[BlackFideId "3102750"]
[WhiteElo "2085"]
[BlackElo "1963"]
[WhiteTeam "COL"]
[BlackTeam "PUR"]
[WhiteClock "0:00:14"]
[BlackClock "0:00:00"]

1. e4 c5 2. Nc3 Nc6 3. g3 g6 4. Bg2 Bg7 5. d3 d6 6. Be3 Rb8 7. Qd2 b5 8. Rb1 b4 9. Nce2 h5 10. h3 Nf6 11. Nf3 Nd7 12. O-O a5 13. Nh2 Nb6 14. f4 Ba6 15. f5 c4 16. fxg6 fxg6 17. Nf4 Ne5 18. Ne6 Qc8 19. Nxg7+ Kd7 20. d4 c3 21. Qd1 Nec4 22. Bc1 Qg8 23. b3 Na3 24. Bxa3 Bxf1 25. Qxf1 bxa3 26. Qb5+ Kd8 27. Qxa5 Qxg7 28. Rd1 e6 29. Qxc3 Qc7 30. Qb4 Kd7 31. Qxa3 Ra8 32. Qb2 Rhf8 33. c4 Nc8 34. e5 d5 35. cxd5 exd5 36. Bxd5 Ra5 37. Bc4 Ne7 38. d5 1-0

[Event "December 5 Late 2023"]
[Site "https://www.chess.com"]
[Date "2023.12.05"]
[Round "8"]
[White "Lutz, Igor Oscar"]
[Black "Grbac, Boris"]
[Result "1-0"]
[Board "130"]
[TimeControl "180+1"]
[WhiteFideId "2110806"]
[BlackFideId "14503565"]
[WhiteElo "2073"]
[BlackElo "1934"]
[WhiteTeam "BRA"]
[BlackTeam "CRO"]
[WhiteClock "0:00:09"]
[BlackClock "0:00:00"]

1. d4 Nf6 2. c4 g6 3. Nc3 Bg7 4. e4 d6 5. Nf3 O-O 6. Be2 e5 7. Be3 exd4 8. Nxd4 Nc6 9. f3 Nxd4 10. Bxd4 Be6 11. O-O c6 12. Qd2 Qc7 13. Bf2 Rad8 14. Rad1 Rfe8 15. b4 h5 16. Bxa7 b6 17. Bxb6 Qxb6+ 18. Kh1 Qxb4 19. Rb1 Qc5 20. Na4 Qa7 21. Nb6 Kh7 22. Rb3 Nd7 23. Nxd7 Qxd7 24. Rfb1 Qe7 25. Rb7 Rd7 26. R7b6 Qh4 27. g3 Qf6 28. Rxc6 Bh6 29. Qd3 Red8 30. Rbb6 Qa1+ 31. Kg2 Qxa2 32. f4 Bg4 33. Kf2 Bxe2 34. Qxe2 Qa1 35. Qc2 Qh1 36. Ke3 Qg1+ 37. Kf3 h4 38. Qg2 Qd1+ 39. Qe2 Qd4 40. Qe3 Qd1+ 41. Qe2 Qh1+ 42. Qg2 Qa1 43. Qe2 Qc3+ 44. Qe3 Qc2 45. Qe2 Qa4 46. Ra6 Qb4 47. Rab6 Qc3+ 48. Qe3 Qc2 49. Qe2 Qc1 50. Qe3 Qh1+ 51. Ke2 Qxh2+ 52. Qf2 hxg3 53. Qxh2 gxh2 54. Rb1 Ra8 55. Rh1 Ra2+ 56. Kf3 Rb7 57. Kg3 Rb3+ 58. Kg4 1-0

[Event "December 5 Late 2023"]
[Site "https://www.chess.com"]
[Date "2023.12.05"]
[Round "8"]
[White "Vargas, Mauricio"]
[Black "th3d4rkness"]
[Result "0-1"]
[Board "132"]
[TimeControl "180+1"]
[WhiteFideId "4404572"]
[WhiteElo "1825"]
[BlackElo "2128"]
[WhiteTeam "COL"]
[WhiteClock "0:00:00"]
[BlackClock "0:01:21"]

1. e4 c5 2. Nc3 a6 3. f4 Nc6 4. Nf3 d6 5. Bc4 e6 6. O-O b5 7. Be2 Nf6 8. d3 Bb7 9. e5 Nd7 10. exd6 Bxd6 11. Ne4 Qc7 12. Nxd6+ Qxd6 13. Ng5 O-O 14. Bf3 Qc7 15. Be4 Nf6 16. Qf3 h6 17. Nh3 Nd4 18. Qd1 Nxe4 19. dxe4 Bxe4 20. c3 Nf5 21. Qe1 Bb7 22. b3 Rfd8 23. c4 b4 24. Bb2 Rd3 25. Nf2 Rd7 0-1

[Event "December 5 Late 2023"]
[Site "https://www.chess.com"]
[Date "2023.12.05"]
[Round "8"]
[White "Smirnov, Timofey"]
[Black "Khater, Sherif"]
[Result "0-1"]
[Board "134"]
[TimeControl "180+1"]
[WhiteFideId "24176427"]
[BlackFideId "2034280"]
[WhiteElo "2032"]
[BlackElo "2605"]
[WhiteTeam "RUS"]
[BlackTeam "USA"]
[WhiteClock "0:00:29"]
[BlackClock "0:01:41"]

1. d4 e6 2. Bf4 d6 3. e3 Ne7 4. Nd2 h6 5. h3 g5 6. Bh2 Bg7 7. Ngf3 Ng6 8. Bd3 Nd7 9. c3 O-O 10. Qc2 Ne7 11. g4 Nd5 12. O-O-O a5 13. e4 N5b6 14. Bg3 a4 15. a3 e5 16. d5 Nc5 17. h4 f6 18. hxg5 fxg5 19. Nc4 Bxg4 20. Nfd2 Bxd1 21. Rxd1 Nxc4 22. Nxc4 Qe8 23. Qe2 Qg6 24. Bb1 Rf7 25. Qg4 Raf8 26. Ne3 Rxf2 27. Bxf2 Rxf2 28. Nf5 Nb3# 0-1